 Dungeon Crawl Stone Soup version 0.27.1-1-g398f81649c (webtiles) character file.

Game seed: 3310618733242705103

245 bnorton916 the Conjurer (level 5, -3/28 HPs)
             Began as a Deep Elf Conjurer on Sept 21, 2021.
             Slain by an ogre (31 damage)
             ... on level 4 of the Dungeon.
             The game lasted 00:05:17 (3795 turns).

bnorton916 the Conjurer (Deep Elf Conjurer)         Turns: 3795, Time: 00:05:18

Health: -3/28      AC:  3    Str:  4    XL:     5   Next: 83%
Magic:  10/15      EV: 12    Int: 24    God:
Gold:   236        SH:  0    Dex: 13    Spells: 5/16 levels left

rFire    . . .     SeeInvis .   (no weapon)
rCold    . . .     Faith    .   (no shield)
rNeg     . . .     Spirit   .   a - +0 robe
rPois    .         Reflect  .   (no helmet)
rElec    .         Harm     .   c - scarf {shadows}
rCorr    .         Rampage  .   i - +0 pair of gloves
Will     .....                  (no boots)
Stlth    ++........             (no amulet)
HPRegen  0.09/turn              (no ring)
MPRegen  0.14/turn              (no ring)

@: no status effects
A: no striking features
a: no special abilities


You were on level 4 of the Dungeon.
You visited 1 branch of the dungeon, and saw 4 of its levels.

You collected 236 gold pieces.

Inventory:

Armour
 a - a +0 robe (worn)
 c - a scarf of shadows (worn)
 i - a +0 pair of gloves (worn)
Jewellery
 b - a +6 ring of intelligence
 g - an amulet of faith
Wands
 o - a wand of iceblast (12)
Scrolls
 d - a scroll of enchant weapon {unknown}
 f - a scroll of amnesia {unknown}
 m - a scroll of teleportation {unknown}
Potions
 e - a potion of magic {unknown}
 h - a potion of flight {unknown}
 j - a potion of berserk rage {unknown}
 k - a potion of brilliance {unknown}
 l - a potion of haste {unknown}
 n - a potion of mutation {unknown}


   Skills:
 - Level 2.4 Dodging
 - Level 2.4 Stealth
 + Level 6.2 Spellcasting
 + Level 6.3 Conjurations


You had 5 spell levels left.
You knew the following spells:

 Your Spells              Type           Power      Damage    Failure   Level
a - Magic Dart            Conj           100%       1d8       1%          1
b - Searing Ray           Conj           76%        3d6       1%          2
c - Fulminant Prism       Conj/Hex       11%        3d9       22%         4
d - Iskenderun's Mystic   Conj/Tloc      22%        2d6       22%         4

Your spell library contained the following spells:

 Spells                   Type           Power      Damage    Failure   Level
 Dazzling Flash           Conj/Hex       44%        N/A       6%          3
 Freeze                   Ice            28%        1d5       8%          1
 Hailstorm                Conj/Ice       22%        3d7       22%         4
 Frozen Ramparts          Ice            14%        1d3       24%         3
 Maxwell's Capacitive Co  Air            3%         ∞         100%        8
 Shatter                  Erth           3%         3d7*      100%        9


Dungeon Overview and Level Annotations

Branches:
Dungeon (4/15)
 Temple: D:4-7

Altars:


Message History

Casting: Magic Dart (safe; 1% risk of failure)
Confirm with . or Enter, or press ? or * to list all spells.
You can't see any susceptible monsters within range! (Use Z to cast anyway.)
Casting: Magic Dart (safe; 1% risk of failure)
Confirm with . or Enter, or press ? or * to list all spells.
You can't see any susceptible monsters within range! (Use Z to cast anyway.) Unknown command.
Magic restored.
HP restored.
Found a stone staircase leading down.
An ogre comes into view. It is wielding a +0 giant club.
Found 3 stones.
An ogre is nearby!
Casting: Magic Dart (safe; 1% risk of failure)
Confirm with . or Enter, or press ? or * to list all spells.
Okay, then.
Unknown command.
The ogre shouts!
Casting: Magic Dart (safe; 1% risk of failure)
Confirm with . or Enter, or press ? or * to list all spells.
You don't know that spell.
Unknown command.
Casting: Magic Dart (safe; 1% risk of failure)
Confirm with . or Enter, or press ? or * to list all spells.
Aiming: Searing Ray (safe; 1% risk of failure)
Press: ? - help, Shift-Dir - straight line, f - ogre
Aim: an ogre, wielding a +0 giant club (91% to hit)
The searing ray misses the ogre. (Press . to maintain the ray.) Unknown command.
The searing ray hits the ogre!
The ogre is heavily wounded.
The ogre closely misses you.
The searing ray misses the ogre.
The ogre closely misses you.
The searing ray hits the ogre.
The ogre is severely wounded.
You finish channeling your searing ray.
The ogre hits you with a +0 giant club!!
Ouch! That really hurt!
You die...

...# ... #.# #.#####
#..... ####..###
##### #....O@.# #...
#.##..#.#####.#
#.##..........#
(......##.......##.#
######.#####.#####.#
#>#####.# #.#
#.......# #.#
#.####### ##.## #.#
#...#


You could see an ogre.

Vanquished Creatures
  A bullfrog (D:4)
  Ijyb (D:3)
  3 gnolls (D:4)
  3 adders
  A worm (D:2)
  A dart slug (D:3)
  4 orcs
  12 endoplasms
  5 giant cockroaches
  8 goblins
  8 hobgoblins
  4 jackals (D:2)
  7 kobolds
  5 quokkas
  8 ball pythons
  8 bats
  2 frilled lizards
  7 rats
88 creatures vanquished.

Notes
Turn   | Place    | Note
-------+----------+-------------------------------------------
     0 | D:1      | bnorton916 the Deep Elf Conjurer began the quest for the
                  | Orb.
     0 | D:1      | Reached XP level 1. HP: 10/10 MP: 6/6
   178 | D:1      | Reached XP level 2. HP: 15/15 MP: 5/8
   719 | D:1      | Reached skill level 5 in Conjurations
   719 | D:1      | Reached XP level 3. HP: 19/19 MP: 6/10
  1148 | D:1      | Found a faded altar of an unknown god.
  1994 | D:2      | Reached XP level 4. HP: 24/24 MP: 9/12
  2162 | D:2      | Learned a level 2 spell: Searing Ray
  2167 | D:2      | Learned a level 4 spell: Fulminant Prism
  2172 | D:2      | Learned a level 4 spell: Iskenderun's Mystic Blast
  2244 | D:3      | Got the Catalogue of Feathers and Clay
  2644 | D:3      | Reached skill level 5 in Spellcasting
  3258 | D:4      | Noticed a bullfrog
  3263 | D:4      | Killed a bullfrog
  3264 | D:4      | Reached XP level 5. HP: 14/28 MP: 8/15
  3408 | D:4      | Noticed Ijyb
  3413 | D:3      | Killed Ijyb
  3783 | D:4      | Noticed an ogre
  3795 | D:4      | Slain by an ogre

Illustrated notes

Levels and vault maps discovered:
D:1:      giann_forest_graveyard, layout_rooms,
          shapermc_ecumenical_altar_totnotflames, minmay_splitting_lines,
          serial_park_tiny_2, grunt_decor_cap, minmay_misc_feat_roman,
          st_stairs_11
D:2:      layout_basic
D:3:      cheibrodos_greedy_goblins, layout_basic
D:4:      layout_loops_cross, yredelemnul_altar_generic, uniq_ijyb

Skill      XL: |  1  2  3  4  5 |
---------------+----------------+-----
Spellcasting   | 4 5 6 |  6.2
Conjurations   | 5 6 |  6.3
Dodging        | |  2.4
Stealth        | |  2.4

Action                   |  1- 3 |  4- 6 || total
-------------------------+-------+-------++-------
Melee: Unarmed           |       |     1 ||     1
 Cast: Magic Dart        |   101 |    45 ||   146
       Searing Ray       |       |     9 ||     9
Armor: Robe              |     1 |     1 ||     2
Dodge: Dodged            |     4 |    13 ||    17
